 Dungeon Crawl Stone Soup version 0.17-a0-2073-gde5cdba (webtiles) character file.

1029 McCoppin the Cleaver (level 8, -3/55 HPs)
             Began as a Vampire Gladiator on Oct 16, 2015.
             Was a Believer of Okawaru.
             Slain by an orc warrior
             ... wielding a +0 long sword
              (11 damage)
             ... on level 6 of the Dungeon.
             The game lasted 00:19:52 (4901 turns).

McCoppin the Cleaver (Vampire Gladiator)            Turns: 4901, Time: 00:19:52

Health: -3/55      AC:  7    Str: 13 (16) XL:     8   Next: 3%
Magic:  8/8        EV:  4    Int: 10      God:    Okawaru [**....]
Gold:   330        SH:  0    Dex: 15      Spells: 0 memorised, 7 levels left

rFire  . . .     SeeInvis +     a - +0 war axe
rCold  + . .     Clarity  .     j - +0 plate armour
rNeg   . . .     SustAt   .     (no shield)
rPois  +         Gourm    .     c - +0 helmet
rElec  .         Spirit   .     z - +0 cloak (curse)
rCorr  .         Warding  .     (no gloves)
rMut   .         Stasis   .     (no boots)
MR     .....                    (no amulet)
Stlth  ..........               (no ring)
                                (no ring)

@: regenerating quickly, not resistant to hostile enchantments, extremely
unstealthy
A: fangs 3, see invisible, cold resistance 1, deformed body, poison resistance,
unbreathing
a: Heroism, Renounce Religion


You were on level 6 of the Dungeon.
You worshipped Okawaru.
Okawaru was pleased with you.
You were full.

You visited 1 branch of the dungeon, and saw 6 of its levels.

You collected 330 gold pieces.

Inventory:

Hand Weapons
 a - a +0 war axe (weapon)
Missiles
 d - 3 throwing nets (quivered)
Armour
 b - a +0 leather armour
 c - a +0 helmet (worn)
 f - a +0 scale mail
 j - a +0 plate armour (worn)
 z - a cursed +0 cloak (worn)
Jewellery
 i - an uncursed ring of ice
Wands
 k - a wand of slowing (34)
 m - a wand of digging (5)
 o - a wand of polymorph (9)
Scrolls
 g - a scroll of immolation
 h - a scroll of enchant armour {unknown}
 s - 3 scrolls of teleportation {unknown}
 u - 2 scrolls of magic mapping {unknown}
 w - 2 scrolls of identify
 x - a scroll of random uselessness {unknown}
 y - a scroll of fog {unknown}
Potions
 e - 9 potions of blood
 l - a potion of lignification {unknown}
 p - 2 potions of flight
 v - a potion of might
Books
 t - a book of Spatial Translocations

   Spells                             Type                      Level
   a - Apportation                    Translocation                1
   b - Blink                          Translocation                2
   c - Shroud of Golubria             Charms/Translocation         2
   d - Portal Projectile              Translocation                3
   e - Teleport Other                 Translocation                3
   f - Passage of Golubria            Translocation                4


   Skills:
 - Level 1.7 Fighting
 + Level 9.0 Axes
 - Level 1.5 Throwing
 - Level 3.2 Dodging


You had 7 spell levels left.
You didn't know any spells.

Dungeon Overview and Level Annotations

Branches:
Dungeon (6/15)             Temple (0/1) D:5

Altars:
Ashenzari
Cheibriados
Fedhas
Okawaru
Qazlal
Ru
The Shining One


Innate Abilities, Weirdness & Mutations

Your natural rate of healing is unusually fast.
You have razor-sharp teeth.
You have supernaturally acute eyesight.
You can survive without breathing.
Your flesh is cold resistant.
Armour fits poorly on your strangely shaped body.
Your system is resistant to poisons.


Message History

You closely miss the orc warrior.
The orc warrior is heavily wounded.
The orc warrior hits you with a long sword!!
You are too injured to fight recklessly!
You are too injured to fight recklessly!
You are too injured to fight recklessly!
You are too injured to fight recklessly!
You hit the orc warrior but do no damage.
The orc warrior is heavily wounded.
The orc priest calls upon Beogh to heal the orc warrior.
The orc warrior is healed somewhat.
The orc warrior hits you with a long sword!
* * * LOW HITPOINT WARNING * * *
You hit the orc warrior.
The orc warrior is moderately wounded.
The orc warrior hits you but does no damage.
You closely miss the orc warrior.
The orc warrior is moderately wounded.
The orc warrior hits you with a long sword!
You die...

#######
#.)...#
#.###.# #.#
#.# #@#
#.####### #o#
#.......# #o#
#######.# #o.
#.......#
.%...###
#.#######
..... #.#
....#####.## .
#.........#
#[##.........#


You could see an orc warrior, an orc priest and an orc.

Vanquished Creatures
  Menkaure (D:4)
  A phantom (D:4)
  An orc warrior (D:5)
  An ogre (D:4)
  A centaur (D:5)
  3 hounds
  A crimson imp (D:5)
  2 orc priests
  Jessica (D:3)
  An orc wizard (D:5)
  Natasha (thrice) (D:2)
  3 worker ants
  Robin (D:4)
  11 adders
  2 shadow imps
  An ooze (D:6)
  4 worms
  2 giant geckos
  7 orcs
  3 ball pythons
  3 giant cockroaches
  18 goblins
  10 hobgoblins
  6 jackals
  8 kobolds
  4 quokkas
  A ball python skeleton (D:4)
  6 bats
  A giant newt (D:6)
  2 quokka skeletons (D:4)
  6 rats
115 creatures vanquished.

Notes
Turn   | Place    | Note
--------------------------------------------------------------
     0 | D:1      | McCoppin the Vampire Gladiator began the quest for the Orb.
     0 | D:1      | Reached XP level 1. HP: 16/16 MP: 1/1
   123 | D:1      | Reached XP level 2. HP: 20/22 MP: 2/2
   618 | D:1      | Reached XP level 3. HP: 11/27 MP: 3/3
   717 | D:2      | Reached skill level 4 in Axes
   830 | D:2      | Noticed Natasha
   840 | D:2      | Killed Natasha
   840 | D:2      | Reached XP level 4. HP: 19/33 MP: 4/4
  1062 | D:2      | Noticed Natasha
  1075 | D:2      | Killed Natasha
  1088 | D:2      | Noticed Natasha
  1096 | D:2      | Killed Natasha
  1096 | D:2      | Reached skill level 5 in Axes
  1177 | D:2      | Found an iron altar of Okawaru.
  1189 | D:2      | Became a worshipper of Warmaster Okawaru
  1478 | D:3      | Reached XP level 5. HP: 38/38 MP: 5/5
  1755 | D:3      | Noticed Jessica
  1756 | D:3      | Killed Jessica
  2164 | D:4      | Noticed Robin
  2172 | D:4      | Reached skill level 6 in Axes
  2176 | D:4      | Killed Robin
  2397 | D:4      | Noticed a phantom
  2438 | D:4      | Killed a phantom
  2438 | D:4      | Reached XP level 6. HP: 16/44 MP: 6/6
  2848 | D:4      | Found a shattered altar of Ashenzari.
  2875 | D:4      | Noticed Menkaure
  2890 | D:4      | Killed Menkaure
  2890 | D:4      | Reached * piety under Okawaru
  2890 | D:4      | Reached skill level 7 in Axes
  2890 | D:4      | Reached XP level 7. HP: 15/49 MP: 7/7
  3054 | D:5      | Entered Level 5 of the Dungeon
  3175 | D:5      | Found a staircase to the Ecumenical Temple.
  3284 | D:5      | Found a snail-covered altar of Cheibriados.
  3284 | D:5      | Found a sacrificial altar of Ru.
  3883 | D:4      | Reached skill level 8 in Axes
  4029 | D:5      | Found a glowing golden altar of the Shining One.
  4034 | D:5      | Found a stormy altar of Qazlal.
  4081 | D:5      | Found a blossoming altar of Fedhas.
  4233 | D:5      | Reached ** piety under Okawaru
  4307 | D:5      | Gained mutation: Your system is resistant to poisons. [potion of mutation]
  4307 | D:5      | Gained mutation: Your flesh is cold resistant. [potion of mutation]
  4307 | D:5      | Gained mutation: Armour fits poorly on your strangely shaped body. [potion of mutation]
  4323 | D:5      | HP: 2/49 [poisoned by a worker ant]
  4754 | D:6      | Found a glowing golden altar of the Shining One.
  4835 | D:6      | Reached XP level 8. HP: 47/55 MP: 8/8
  4872 | D:6      | Reached skill level 9 in Axes
  4901 | D:6      | Slain by an orc warrior

Vault maps used:
D:1:      ncdulo_wetmaze
D:2:      okawaru_metal_pillars_1_2, uniq_natasha
D:3:      first_bread, uniq_jessica
D:4:      evilmike_ruin_ashenzari, uniq_robin, uniq_menkaure
D:5:      gammafunk_temple_overflow_wave, nicolae_overflow_hidden_temple,
          minmay_temple_entry_from_below_a, basic_altar, bh_walls_and_bars
D:6:      tso_metal_star

Action                   |  1- 3 |  4- 6 |  7- 9 || total
-------------------------+-------+-------+-------++-------
Melee: War axe           |   102 |   214 |   155 ||   471
Invok: Heroism           |       |       |     1 ||     1
  Use: Potion            |    10 |    11 |    15 ||    36
       Scroll            |       |     2 |       ||     2
 Stab: Sleeping          |     1 |       |       ||     1
